 Dungeon Crawl Stone Soup version 0.29-a0-911-g88e6f02907 (webtiles) character file.

Game seed: 16078112225358943767

16 lesaewzxc the Caller (level 2, 0/15 HPs)
             Began as a Kobold Summoner on July 25, 2022.
             Succumbed to a goblin's poison
             ... on level 1 of the Dungeon.
             The game lasted 00:02:46 (398 turns).

lesaewzxc the Caller (Kobold Summoner)               Turns: 398, Time: 00:02:47

Health: 0/15       AC:  2    Str:  5    XL:     2   Next: 70%
Magic:  4/5        EV: 15    Int: 16    God:
Gold:   15         SH:  0    Dex: 15    Spells: 5/6 levels left

rFire   . . .      SeeInvis .   (weapon restricted)
rCold   . . .      Faith    .   (no shield)
rNeg    . . .      Spirit   .   a - +0 robe
rPois   .          Reflect  .   (no helmet)
rElec   .          Harm     .   d - scarf {+Inv}
rCorr   .          Rampage  .   (no gloves)
Will    .....                   (no boots)
Stlth   +++.......              (no amulet)
HPRegen 0.05/turn               (no ring)
MPRegen 0.09/turn               (no ring)

@: lethally poisoned (0 -> -11)
A: small, no large weapons, nightstalker 3
a: Evoke Invisibility


You were on level 1 of the Dungeon.
You visited 1 branch of the dungeon, and saw 1 of its levels.

You collected 15 gold pieces.

Inventory:

Armour
 a - a +0 robe (worn)
 d - a scarf of invisibility (worn)
Scrolls
 c - a scroll of vulnerability
Potions
 b - a potion of magic


   Skills:
 * Level 0.2 Ranged Weapons
 + Level 2.7 Dodging
 + Level 3.1 Stealth
 + Level 2.5 Spellcasting
 + Level 4.1 Summonings


You had 5 spell levels left.
You knew the following spells:

 Your Spells              Type           Power      Damage    Failure   Level
a - Summon Small Mammal   Summ           60%        N/A       3%          1

Your spell library contained the following spells:

 Spells                   Type           Power      Damage    Failure   Level
 Call Imp                 Summ           15%        N/A       5%          2
 Call Canine Familiar     Summ           15%        N/A       11%         3
 Summon Guardian Golem    Hex/Summ       8%         N/A       26%         3
 Summon Lightning Spire   Summ/Air       8%         N/A       63%         4


Dungeon Overview and Level Annotations

Branches:
Dungeon (1/15)

Altars:

Annotations:
D:1 1 transporter


Innate Abilities, Weirdness & Mutations

You are small and have problems with some larger weapons.
You are completely attuned to the shadows.


Message History

Casting: Summon Small Mammal (safe; 3% risk of failure)
Press: ? - help, Q - select action, (/) - cycle Dir - look around, f - activate Your bat hits the goblin.
The goblin hits your bat with a +1 dagger of venom.
Your bat dies!
Your bat's corpse disappears in a puff of smoke!
The goblin shouts!
You swap places.
Found 13 gold pieces.
Your bat misses the goblin. The goblin barely misses you.
The goblin hits you with a +1 dagger of venom.
You are poisoned.
Your bat closely misses the goblin.
You closely miss the goblin.
The goblin is heavily wounded.
You feel sick.
Your bat barely misses the goblin.
Your bat hits the goblin. The goblin misses you.
You barely miss the goblin.
The goblin is severely wounded.
You feel sick.
Your bat completely misses the goblin.
The goblin completely misses you.
You barely miss the goblin.
The goblin is severely wounded.
You feel sick.
Your bat closely misses the goblin.
The goblin misses you.
You closely miss the goblin.
The goblin is severely wounded.
You feel sick.
Your bat barely misses the goblin.
The goblin hits you with a +1 dagger of venom.
You barely miss the goblin.
The goblin is severely wounded.
You feel sick.
Your bat barely misses the goblin.
The goblin hits you with a +1 dagger of venom.
* * * LOW HITPOINT WARNING * * *
You are more poisoned.
It was a potion of curing.
You feel better.
Your bat barely misses the goblin.
The goblin hits you with a +1 dagger of venom.
* * * LOW HITPOINT WARNING * * *
You are lethally poisoned!
You hit the goblin.
You kill the goblin!
You die...

### #..# #.####
#..# #.....
####.#### #..
#....# ## ..
#####.####
..###. #8..#.#
$....#####..#.#
...?..........#
..b)@.........#
###############


You could see a friendly bat (summoned).

Vanquished Creatures
  A goblin (D:1)
  A frilled lizard (D:1)
2 creatures vanquished.

Vanquished Creatures (collateral kills)
  A gnoll (D:1)
  A dart slug (D:1)
  A ball python (D:1)
  A goblin (D:1)
  A rat (D:1)
5 creatures vanquished.

Grand Total: 7 creatures vanquished

Notes
Turn   | Place    | Note
-------+----------+-------------------------------------------
     0 | D:1      | lesaewzxc the Kobold Summoner began the quest for the Orb.
     0 | D:1      | Reached XP level 1. HP: 10/10 MP: 3/3
    23 | D:1      | Reached XP level 2. HP: 7/15 MP: 0/5
   398 | D:1      | Succumbed to a goblin's poison

Illustrated notes

Levels and vault maps discovered:
D:1:      spicycebolla_arrival_transporter_tutorial, layout_basic,
          shapermc_ecumenical_altar_mp_vishouse

Skill      XL: |  1 |
---------------+----+-----
Stealth        | 3 |  3.1
Ranged Weapons | |  0.2
Dodging        | |  2.7
Spellcasting   | |  2.5
Summonings     | |  4.1

Action                   || total
-------------------------++-------
Melee: Unarmed           ||    22
 Cast: Summon Small Mamm ||    10
  Use: Scroll            ||     1
       Potion            ||     1
Armor: Robe              ||     3
Dodge: Dodged            ||    17

Table legend: (Time is in decaauts)
 A = Elapsed time spent in this place.
 B = Non-inter-level travel time spent in this place.
 C = Inter-level travel time spent in this place.
 D = Time resting spent in this place.
 E = Time spent auto-exploring this place.
 F = Levels seen in this place.
 G = Mean time per level.
                   A        B        C        D        E       F      G
               +--------+--------+--------+--------+--------+-----+--------+
         Total |    398 |    391 |      7 |      0 |     66 |   1 |  398.0 |
       Dungeon |    398 |    391 |      7 |      0 |     66 |   1 |  398.0 |
               +--------+--------+--------+--------+--------+-----+--------+

Top non-repeatable levels by time:
     D:1: 398 daAuts
